 Dungeon Crawl Stone Soup version 0.27-a0-1177-g245c70e (webtiles) character file.

Game seed: 13260564385233847249

208 Meow the Stinger (level 5, -10/42 HPs)
             Began as a Naga Venom Mage on May 16, 2021.
             Killed from afar by an orc wizard (12 damage)
             ... with a puff of flame
             ... on level 3 of the Dungeon.
             The game lasted 00:08:28 (2431 turns).

Meow the Stinger (Naga Venom Mage)                  Turns: 2431, Time: 00:08:28

Health: -10/42     AC:  3    Str: 10    XL:     5   Next: 86%
Magic:  2/11       EV:  9    Int: 23    God:
Gold:   124        SH:  0    Dex: 11    Spells: 5/12 levels left

rFire    . . .     SeeInvis +   a - +0 short sword
rCold    . . .     Faith    .   (no shield)
rNeg     . . .     Spirit   .   b - +0 robe
rPois    +         Reflect  .   (no helmet)
rElec    .         Harm     .   k - +0 cloak
rCorr    .         Rampage  .   (no gloves)
Will     .....                  (no barding)
Stlth    ++........             (no amulet)
HPRegen  0.14/turn              l - +6 ring of intelligence
MPRegen  0.12/turn              (no ring)

@: very slow
A: AC +1, large, see invisible, deformed body, poison resistance, slowness 2,
spit poison 1, naga tail 1
a: Spit Poison


You were on level 3 of the Dungeon.
You visited 1 branch of the dungeon, and saw 3 of its levels.

You collected 124 gold pieces.

Inventory:

Hand Weapons
 a - a +0 short sword (weapon)
 c - a +0 hunting sling
Missiles
 f - 92 stones (quivered)
 i - 28 poisoned darts
 n - 17 arrows
 s - 31 bolts
Armour
 b - a +0 robe (worn)
 k - a +0 cloak (worn)
Jewellery
 l - a +6 ring of intelligence (left hand)
 o - a ring of wizardry
Scrolls
 d - a scroll of magic mapping {unknown}
 g - a scroll of identify {unknown}
 j - a scroll of teleportation {unknown}
 q - a scroll of fear {unknown}
 r - 2 scrolls of enchant weapon {unknown}
 t - a scroll of torment {unknown}
Potions
 e - a potion of invisibility {unknown}
 h - a potion of degeneration {unknown}
 m - a potion of heal wounds {unknown}
 p - 2 potions of curing {unknown}


   Skills:
 - Level 1.5 Dodging
 - Level 3.0 Stealth
 + Level 4.0 Spellcasting
 - Level 1.0 Transmutations
 + Level 6.5 Poison Magic


You had 5 spell levels left.
You knew the following spells:

 Your Spells              Type           Power      Damage    Failure   Level
a - Sting                 Tmut/Pois      88%        1d7       2%          1
c - Mephitic Cloud        Conj/Pois/Air  14%        N/A       13%         3
C - Ignite Poison         Fire/Tmut/Pois 16%        N/A       11%         3

Your spell library contained the following spells:

 Spells                   Type           Power      Damage    Failure   Level
 Poisonous Vapours        Pois/Air       38%        N/A       4%          2
 Olgreb's Toxic Radiance  Pois           34%        N/A       7%          4
 Ice Form                 Ice/Tmut       7%         N/A       63%         4
 Summon Ice Beast         Ice/Summ       4%         N/A       71%         4
 Freezing Cloud           Conj/Ice/Air   2%         6-21      100%        6
 Simulacrum               Ice/Necr       2%         N/A       100%        6
 Ozocubu's Refrigeration  Ice            2%         4d5       100%        7


Dungeon Overview and Level Annotations

Branches:
Dungeon (3/15)

Altars:
Elyvilon


Innate Abilities, Weirdness & Mutations

Your serpentine skin is tough. (AC +1)
You have supernaturally acute eyesight. (SInv)
Armour fits poorly on your strangely shaped body.
Your system is resistant to poisons. (rPois)
You cover ground very slowly.
You can spit poison.
You have a snake-like lower body.


Message History

The orc priest is severely wounded.
The orc priest closely misses you. The orc hits you but does no damage.
Unknown command.
The orc priest looks satisfied for a moment.
The orc wizard hits you with a +0 dagger.
The orc hits you with a +0 flail!
You have got your breath back.
You feel a bit more experienced. The orc wizard casts a spell at you.
The magic dart hits you!
* * * LOW HITPOINT WARNING * * *
Your Spellcasting skill increases to level 4!
Unknown command.
Okay, then.
Okay, then.
The orc wizard points at you and mumbles some strange words.
You resist with some effort.
The orc wizard gestures at itself while chanting.
The orc wizard flickers and vanishes for a moment.
Unknown command.
You closely miss the orc. The orc closely misses you.
The orc wizard hits you with a +0 dagger.
* * * LOW HITPOINT WARNING * * *
The orc closely misses you.
You hit the orc.
The orc is lightly wounded.
The orc wizard hits you with a +0 dagger.
* * * LOW HITPOINT WARNING * * *
The orc barely misses you. The orc wizard casts a spell at you.
The magic dart hits you.
* * * LOW HITPOINT WARNING * * *
The orc hits you with a +0 flail.
* * * LOW HITPOINT WARNING * * *
You hit the orc wizard but do no damage.
You closely miss the orc wizard.
The orc wizard gestures at you while chanting.
The puff of flame hits you!
You die...

#. .⌠. #.# #.....## #.
##.....##.####.....## #.
#.......#...........#
#.8...8.#..####.###.#
#.......#.........#.#
#.......#..####.....# #.
#.......#..)......†.#
#..#.8...8.#..####.....#
#..#.....@.#..# #...#.#
#........oo...#####..#.#
##.##.................#.#
..............#####.....
##.#..#..###.........###
#...<#......88.###..#
#.#.....o......#
........#.##.....##
##.####.#.##........


You could see an orc wizard (invisible) and an orc.

Vanquished Creatures
  An orc priest (D:3)
  Natasha (twice) (D:2)
  A hound zombie (D:3)
  Robin (D:3)
  2 adders (D:2)
  2 adder skeletons (D:3)
  A worm (D:3)
  A dart slug (D:1)
  2 orcs (D:3)
  3 ball pythons
  11 endoplasms
  3 giant cockroaches
  4 hobgoblins
  8 jackals
  3 quokkas
  A ball python zombie (D:3)
  4 bats
  3 frilled lizards
  2 giant cockroach zombies (D:3)
  12 goblins
  3 kobolds
70 creatures vanquished.

Vanquished Creatures (others)
  6 withered plants (D:3)
6 creatures vanquished.

Grand Total: 76 creatures vanquished

Notes
Turn   | Place    | Note
-------+----------+-------------------------------------------
     0 | D:1      | Meow the Naga Venom Mage began the quest for the Orb.
     0 | D:1      | Reached XP level 1. HP: 15/15 MP: 3/3
   113 | D:1      | Reached XP level 2. HP: 22/22 MP: 1/5
   720 | D:1      | Reached XP level 3. HP: 28/28 MP: 6/6
   724 | D:1      | Learned a level 3 spell: Mephitic Cloud
   835 | D:1      | Reached skill level 5 in Poison Magic
  1049 | D:2      | Noticed Natasha
  1387 | D:2      | Killed Natasha
  1388 | D:2      | Reached XP level 4. HP: 19/36 MP: 1/8
  1480 | D:2      | Noticed Natasha
  1486 | D:2      | Killed Natasha
  1590 | D:2      | Found a faded altar of an unknown god.
  1686 | D:2      | Found a white marble altar of Elyvilon.
  1797 | D:2      | Reached XP level 5. HP: 42/42 MP: 8/10
  2004 | D:3      | Reached skill level 6 in Poison Magic
  2021 | D:3      | Learned a level 3 spell: Ignite Poison
  2086 | D:3      | Noticed Robin
  2095 | D:3      | Killed Robin
  2428 | D:3      | HP: 1/42 [orc/+0 flail (2)]
  2431 | D:3      | Killed from afar by an orc wizard

Illustrated notes

Levels and vault maps discovered:
D:1:      dpeg_arrival_tiny_b, layout_basic
D:2:      layout_loops_cross, basic_altar,
          hellmonk_ecumenical_altar_pennies_from_heaven, uniq_natasha
D:3:      cheibrodos_pilgrimage, layout_loops_ring, lemuel_doored_altar,
          serial_undead, serial_undead_c, serial_undead_d, serial_undead_c,
          serial_undead_b, serial_undead_d, serial_undead_f, serial_undead_e,
          serial_undead_d, minmay_misc_feat_doors, kennysheep_big_empty_room,
          uniq_terence, uniq_robin, uniq_ijyb

Skill      XL: |  1  2  3  4  5 |
---------------+----------------+-----
Poison Magic   | 5 6 |  6.5
Spellcasting   | 3 4 |  4.0
Dodging        | |  1.5
Stealth        | |  3.0
Transmutations | |  1.0

Action                   |  1- 3 |  4- 6 || total
-------------------------+-------+-------++-------
Melee: Short sword       |     6 |    48 ||    54
Throw: Stone             |     7 |     2 ||     9
 Cast: Sting             |    40 |    23 ||    63
       Mephitic Cloud    |       |     8 ||     8
       Ignite Poison     |       |     2 ||     2
 Abil: Spit Poison       |    35 |    30 ||    65
Armor: Robe              |    10 |    17 ||    27
Dodge: Dodged            |    12 |    30 ||    42

Table legend: (Time is in decaauts)
 A = Elapsed time spent in this place.
 B = Non-inter-level travel time spent in this place.
 C = Inter-level travel time spent in this place.
 D = Time resting spent in this place.
 E = Time spent auto-exploring this place.
 F = Levels seen in this place.
 G = Mean time per level.
                   A        B        C        D        E       F      G
               +--------+--------+--------+--------+--------+-----+--------+
         Total |   3019 |   2892 |    127 |    692 |   1640 |   3 | 1006.3 |
       Dungeon |   3019 |   2892 |    127 |    692 |   1640 |   3 | 1006.3 |
               +--------+--------+--------+--------+--------+-----+--------+

Top non-repeatable levels by time:
     D:1: 1258 daAuts
     D:2: 1220 daAuts
     D:3: 541 daAuts
